Kradschützen Motorcycle Team
Construct Light Support Kompanie
Construct Mechanized Kompanie
Selects Italian Combined Arms Battlegroup
Selects Semovente da 75/18 Assault Gun
Semovente da 75/18 Assault Gun
Semovente da 75/18 Assault Gun
Selects Carro Armato M13/40 Light Tank
Selects Bersaglieri Squad
Kradschützen Motorcycle Team
Semovente da 75/18 Assault Gun
Carro Armato M13/40 Light Tank
Selects Vehicle Support - Secure Location
Selects Vehicle Support - Force Recon
Carro Armato M13/40 Light Tank
Carro Armato M13/40 Light Tank
Semovente da 75/18 Assault Gun
18-tonne Recovery Half-track
Pak 38 Anti-tank Gun Team
254 Reconnaissance Tractor